 Dungeon Crawl Stone Soup version 0.20-a0-386-g2d247ea (webtiles) character file.

70 pkoi the Conjurer (level 4, -8/33 HPs)
             Began as a Draconian Conjurer on Dec 29, 2016.
             Mangled by an ice beast (14 damage)
             ... on level 3 of the Dungeon.
             The game lasted 00:06:41 (2326 turns).

pkoi the Conjurer (Draconian Conjurer)              Turns: 2326, Time: 00:06:42

Health: -8/33      AC:  6    Str: 10    XL:     4   Next: 4%
Magic:  1/7        EV: 12    Int: 16    God:
Gold:   91         SH:  3    Dex: 12    Spells: 4/7 levels left

rFire  . . .     SeeInvis .     i - -2 club (curse)
rCold  . . .     Gourm    .     (armour unavailable)
rNeg   . . .     Faith    .     (no shield)
rPois  .         Spirit   .     (helmet restricted)
rElec  .         Reflect  +     e - +0 cloak
rCorr  .         Harm     .     (no gloves)
MR     .....                    (no boots)
Stlth  ++........               c - +3 amulet of reflection
                                (no ring)
                                (no ring)

@: no status effects
A: unfitting armour, cold-blooded, AC +5
a: no special abilities


You were on level 3 of the Dungeon.
You were not hungry.

You visited 1 branch of the dungeon, and saw 3 of its levels.

You collected 91 gold pieces.

Inventory:

Hand Weapons
 d - a +0 falchion
 i - a cursed -2 club (weapon)
Armour
 e - a +0 cloak (worn)
Jewellery
 c - a +3 amulet of reflection (around neck)
Scrolls
 j - a scroll of teleportation {unknown}
 k - 2 scrolls of remove curse
Books
 a - a book of Conjurations

   Spells                             Type                      Level
   a - Magic Dart                     Conjuration                  1
   b - Searing Ray                    Conjuration                  2
   c - Dazzling Spray                 Conjuration/Hexes            3
   d - Fulminant Prism                Conjuration/Hexes            4
   e - Iskenderun's Mystic Blast      Conjuration                  4
   f - Iskenderun's Battlesphere      Conjuration/Charms           5
Comestibles
 b - a bread ration
 g - a slice of pizza
 h - a meat ration
 l - a chunk of flesh


   Skills:
 - Level 1.7 Dodging
 - Level 1.7 Stealth
 - Level 2.0 Spellcasting
 + Level 5.6 Conjurations


You had 4 spell levels left.
You knew the following spells:

 Your Spells              Type           Power        Failure   Level  Hunger
a - Magic Dart            Conj           ###.         1%          1    #......
b - Searing Ray           Conj           ###...       3%          2    ###....


Dungeon Overview and Level Annotations

Branches:
Dungeon (3/15)

Altars:

Annotations:
D:2 Sigmund


Innate Abilities, Weirdness & Mutations

Your plain brown scales are hard. (AC +5)
You cannot fit into any form of body armour.
You are cold-blooded and may be slowed by cold attacks.


Message History

A rat comes into view.
There is a stone staircase leading down here.
Something barely misses you.
You climb downwards.
The ice beast hits you but does no damage. x2
There is a stone staircase leading up here.
Casting: Searing Ray
Confirm with . or Enter, or press ? or * to list all spells.
Aiming: Searing Ray
Press: ? - help, Shift-Dir - straight line, f - ice beast
Aim: an ice beast The searing ray hits the ice beast.
The ice beast is lightly wounded.
The ice beast hits you but does no damage.
The searing ray hits the ice beast.
The ice beast is moderately wounded.
The ice beast hits you.
* * * LOW HITPOINT WARNING * * *
The ice beast freezes you!
You die...

#... .........
#...#+####........
#...............#
#...............#
#...............#
#.............#
#.............#
#....@r.......#
#....Y.....(..#
#.......#.....#
###########'###
#.r..+
#########....#
#...........(#
#........r...#
#.....?...).....


You could see an ice beast and a rat.

Vanquished Creatures
  2 gnolls (D:2)
  A worm (D:2)
  3 leopard geckos
  An orc (D:1)
  7 goblins
  5 hobgoblins
  A kobold (D:3)
  A quokka (D:2)
  2 ball pythons
  7 bats
  6 frilled lizards
  9 rats
45 creatures vanquished.

Notes
Turn   | Place    | Note
-------+----------+-------------------------------------------
     0 | D:1      | pkoi the Draconian Conjurer began the quest for the Orb.
     0 | D:1      | Reached XP level 1. HP: 14/14 MP: 3/3
   201 | D:1      | Reached XP level 2. HP: 20/20 MP: 1/5
   296 | D:1      | Learned a level 2 spell: Searing Ray
  1010 | D:2      | Noticed Sigmund
  1277 | D:2      | Reached skill level 5 in Conjurations
  1277 | D:2      | Reached XP level 3. HP: 26/26 MP: 3/6
  2156 | D:1      | Reached XP level 4. HP: 30/33 MP: 0/7
  2278 | D:3      | Noticed an ice beast
  2315 | D:2      | HP: 1/33 [something (9)]
  2326 | D:3      | Mangled by an ice beast

Vault maps used:
D:1:      dpeg_arrival_solitude
D:2:      uniq_sigmund

Skill      XL: |  1  2 |
---------------+-------+-----
Conjurations   | 5 |  5.6
Dodging        | |  1.7
Stealth        | |  1.7
Spellcasting   | |  2.0

Action                   |  1- 3 |  4- 6 || total
-------------------------+-------+-------++-------
Melee: Unarmed           |    14 |       ||    14
       Club              |    52 |     6 ||    58
       Tailslap          |     4 |       ||     4
 Cast: Magic Dart        |    86 |     2 ||    88
       Searing Ray       |     2 |     2 ||     4
  Use: Scroll            |     2 |       ||     2
       Potion            |       |     1 ||     1
  Eat: Chunk             |     5 |     1 ||     6
Armor: Skin              |    20 |     6 ||    26
Dodge: Dodged            |    75 |     9 ||    84
Block: Other             |    14 |     1 ||    15
